 Dungeon Crawl Stone Soup version 0.16-a0-231-g3d5c238 (webtiles) character file.

77 Ololoev the Ruffian (level 4, 0/44 HPs)
             Began as a Troll Monk on Aug 21, 2014.
             Slain by runewalsh's ghost (7 damage)
             ... on Level 3 of the Dungeon.
             The game lasted 00:05:08 (1597 turns).

Ololoev the Ruffian (Troll Monk)                    Turns: 1597, Time: 00:05:08

HP   0/44        AC  5     Str 19      XL: 4   Next: 13%
MP   2/2         EV 10     Int  6      God:
Gold 99          SH  0     Dex 13      Spells:  0 memorised,  3 levels left

rFire  . . .     SeeInvis .       - Unarmed
rCold  . . .     Clarity  .     a - +0 robe
rNeg   . . .     rCorr    .     (shield restricted)
rPois  +         rRot     .     (helmet restricted)
rElec  .         Spirit   .     (no cloak)
SustAb .         Warding  .     (gloves unavailable)
rMut   .         Stasis   .     (boots unavailable)
Gourm  +                        (no amulet)
MR     .....                    l - ring of flight
                                j - ring of poison resistance

@: not resistant to hostile enchantments, very unstealthy
A: unfitting armour, claws 3, fast metabolism 3, gourmand, regeneration 2,
saprovore 2, shaggy fur 1, tough skin 2
a: Evoke Flight


You were on level 3 of the Dungeon.
You were very full.

You visited 1 branch of the dungeon, and saw 3 of its levels.

You collected 99 gold pieces.

Inventory:

Armour
 a - a +0 robe (worn)
Comestibles
 b - 4 meat rations
 g - a bread ration
Scrolls
 c - a scroll of identify {unknown}
 e - a scroll of noise {unknown}
 h - 2 scrolls of teleportation {unknown}
 i - a scroll of enchant armour {unknown}
 p - a scroll of blinking {unknown}
 q - a scroll of magic mapping {unknown}
Jewellery
 j - a ring of poison resistance (left claw)
 l - a ring of flight (right claw)
Potions
 d - 3 potions of lignification {unknown}
 f - 3 potions of confusion {unknown}
 k - a potion of flight {unknown}
 m - 2 potions of poison {unknown}
 n - a potion of curing {unknown}


   Skills:
 - Level 2.4 Fighting
 - Level 2.4 Dodging
 - Level 1.1 Stealth
 + Level 5.7 Unarmed Combat


You had 3 spell levels left.
You didn't know any spells.

Dungeon Overview and Level Annotations

Branches:
Dungeon (3/15)

Altars:
Vehumet
The Shining One

Annotations:
D:3 runewalsh's ghost, average OpTm


Innate Abilities, Weirdness & Mutations

You are too large for most types of armour.
You have claws for hands.
Your metabolism is lightning-fast.
You like to eat raw meat.
You heal very quickly.
You can eat rotten meat.
You are covered in fur (AC +1).
You have very tough skin (AC +2).


Message History

You claw runewalsh's ghost!
Runewalsh's ghost is moderately damaged.
Runewalsh's ghost hits you but does no damage.
You claw runewalsh's ghost!
Runewalsh's ghost is severely damaged.
Runewalsh's ghost hits you!
* * * LOW HITPOINT WARNING * * *
You are too injured to fight recklessly!
You closely miss runewalsh's ghost.
Runewalsh's ghost is severely damaged.
Runewalsh's ghost hits you.
* * * LOW HITPOINT WARNING * * *
You closely miss runewalsh's ghost.
Runewalsh's ghost is severely damaged.
Runewalsh's ghost hits you.
* * * LOW HITPOINT WARNING * * *
You barely miss runewalsh's ghost.
Runewalsh's ghost is severely damaged.
Runewalsh's ghost hits you!
You die...

### .#.#.
?.[ ...
$.. #.#
#g# #W#
#@#
#######.#
#.. ..#.#
#.# #.#.#
#.###.#.#
#.#.....#
#<#.#.###
#.#.#.#
#..>..#


You could see runewalsh's ghost and a hobgoblin.

Vanquished Creatures
  An adder (D:2)
  5 giant geckos
  An ooze (D:2)
  9 bats
  3 giant cockroaches
  13 goblins
  3 hobgoblins
  5 jackals (D:2)
  7 kobolds
  2 giant newts
  5 rats (D:1)
54 creatures vanquished.

Notes
Turn   | Place    | Note
--------------------------------------------------------------
     0 | D:1      | Ololoev, the Troll Monk, began the quest for the Orb.
     0 | D:1      | Reached XP level 1. HP: 22/22 MP: 1/1
   120 | D:1      | Reached XP level 2. HP: 27/29 MP: 1/1
   387 | D:1      | Reached skill level 5 in Unarmed Combat
   390 | D:1      | Reached XP level 3. HP: 29/36 MP: 2/2
  1247 | D:2      | Reached XP level 4. HP: 44/44 MP: 2/2
  1370 | D:2      | Found a glowing golden altar of the Shining One.
  1443 | D:2      | Found a radiant altar of Vehumet.
  1582 | D:3      | Noticed runewalsh's ghost (average OpTm)
  1597 | D:3      | Slain by runewalsh's ghost

Action                   |  1- 3 |  4- 6 || total
-------------------------+-------+-------++-------
Melee: Unarmed           |   128 |    23 ||   151
 Stab: Sleeping          |     1 |       ||     1
  Eat: Chunk             |    13 |     6 ||    19
